 Dungeon Crawl Stone Soup version 0.29.0-4-gdea44cf6ec (webtiles) character file.

Game seed: 10120276068467568294

67243 qw the Severer (level 15, -7/100 HPs)
             Began as a Gargoyle Berserker on Sept 5, 2022.
             Was an Elder of Trog.
             Mangled by a five-headed hydra (8 damage)
             ... on level 13 of the Dungeon.
             The game lasted 00:09:05 (25577 turns).

qw the Severer (Gargoyle Berserker)                Turns: 25577, Time: 00:09:05

Health: -7/100     AC: 46    Str: 35    XL:     15   Next: 22%
Magic:  0/34       EV:  9    Int:  9    God:    Trog [****..]
Gold:   1419       SH:  5    Dex:  9    Spells: 14/14 levels left

rFire   . . .      SeeInvis .   r - +0 eveningstar (venom)
rCold   . . .      Faith    .   l - +0 buckler
rNeg    + . .      Spirit   +   i - +8 plate armour of Daisies {rCorr MP+9}
rPois   inf        Reflect  .   f - +1 helmet
rElec   +          Harm     .   h - +0 cloak
rCorr   +          Rampage  .   d - +2 pair of gloves
Will    +....                   a - +2 pair of boots of the Orb {Stlth+}
Stlth   ..........              b - amulet of guardian spirit
HPRegen 0.26/turn               k - +6 ring of strength
MPRegen 0.24/turn               e - ring of Olilux {*Slow rElec MP+9 Str+2 Slay+5}

@: on berserk cooldown, flying, slowed, very slow
A: sickness immunity, AC +11, big wings, negative energy resistance 1,
electricity resistance, torment resistance 1, petrification resistance, high MP
1, mutation resistance 1
a: Renounce Religion, Berserk, Trog's Hand, Brothers in Arms


You were on level 13 of the Dungeon.
You worshipped Trog.
Trog was greatly pleased with you.
You visited 2 branches of the dungeon, and saw 18 of its levels.
You also visited: Sewer.

You collected 1689 gold pieces.
You spent 270 gold pieces at shops.


Innate Abilities, Weirdness & Mutations

You are immune to sickness and miasma.
Your stone body is resilient. (AC +11)
You are immune to poison.
Your large and strong wings let you fly.
You resist negative energy. (rN+)
You are resistant to electric shocks. (rElec)
You are resistant to unholy torment.
You are immune to petrification.
You have an increased reservoir of magic. (+10% MP)
You are somewhat resistant to further mutation.


   Skills:
 - Level 14.0 Fighting
 - Level 16.0 Axes
 - Level 6.0 Throwing
 + Level 13.1 Armour
 - Level 3.2 Dodging
 - Level 9.1 Shields


You had 14 spell levels left.
You didn't know any spells.
Your spell library was empty.

Inventory:

Hand Weapons
 r - a +0 eveningstar of venom (weapon)
 Y - a +2 war axe of venom
Missiles
 s - 2 javelins (quivered)
Armour
 a - the +2 pair of boots of the Orb (worn) {Stlth+}
   (You acquired it on level 1 of the Dungeon)

   Stlth:     It makes you more stealthy.
 d - a +2 pair of gloves (worn)
 f - a +1 helmet (worn)
 h - a +0 cloak (worn)
 i - the +8 plate armour of Daisies (worn) {rCorr MP+9}
   (You found it on level 8 of the Dungeon)

   MP:        It affects your magic capacity (+9).
   rCorr:     It protects you from acid and corrosion.
 l - a +0 buckler (worn)
Jewellery
 b - an amulet of guardian spirit (around neck)
 e - the ring of Olilux (right hand) {*Slow rElec MP+9 Str+2 Slay+5}
   (You found it on level 5 of the Lair of Beasts)

   [ring of magical power]

   Str:       It affects your strength (+2).
   Slay:      It affects your accuracy & damage with ranged weapons and melee
   (+5).
   rElec:     It insulates you from electricity.
   MP:        It affects your magic capacity (+9).
   *Slow:     It may slow you when you take damage.
 k - a +6 ring of strength (left hand)
Scrolls
 q - 7 scrolls of identify
Potions
 c - 10 potions of curing
 m - a potion of mutation
 n - 3 potions of cancellation
 o - a potion of might
 p - 3 potions of resistance

Dungeon Overview and Level Annotations

Branches:
Dungeon (13/15)            Temple (0/1) D:7            Lair (5/5) D:10
  Swamp (0/4) Lair:2        Snake (0/4) Lair:2        Slime (0/5) Lair:5
    Orc (0/2) D:11          Sewer (visited)
 Vaults: D:13-14

Altars:
Cheibriados
Dithmenos
Fedhas
Gozag
Kikubaaqudgha
Makhleb
Okawaru
Ru
Trog
Zin
The Shining One

Shops:
D:11 *   D:12 *

Annotations:
D:3 3 runed translucent doors, qw's ghost, weakling MiFi
D:6 1 runed translucent door, Crazy Yiuf
Lair:1 Fannar


Message History

The five-headed hydra bites you but does no damage.
You barely miss the five-headed hydra.
The five-headed hydra is heavily wounded.
The five-headed hydra bites you.
You block the five-headed hydra's attack.
The five-headed hydra bites you. The five-headed hydra bites you!
The five-headed hydra bites you but does no damage.
The five-headed hydra completely misses you.
The five-headed hydra bites you but does no damage.
You block the five-headed hydra's attack.
The five-headed hydra bites you!
The five-headed hydra bites you but does no damage.
You bludgeon the five-headed hydra!!
The five-headed hydra looks as sick as possible!
The five-headed hydra is severely wounded.
The five-headed hydra bites you!
The five-headed hydra closely misses you.
The five-headed hydra completely misses you.
The five-headed hydra barely misses you.
The five-headed hydra bites you but does no damage.
You hit the five-headed hydra.
The five-headed hydra is almost dead.
The shadow imp disappears in a puff of smoke!
You block the five-headed hydra's attack.
The five-headed hydra bites you but does no damage.
The five-headed hydra barely misses you.
The five-headed hydra bites you but does no damage. x2
The five-headed hydra bites you!
The five-headed hydra bites you but does no damage.
The five-headed hydra bites you!
You block the five-headed hydra's attack.
The five-headed hydra completely misses you.
You hit the five-headed hydra.
The five-headed hydra is almost dead.
You block the five-headed hydra's attack.
The five-headed hydra bites you.
The five-headed hydra barely misses you.
The five-headed hydra bites you but does no damage.
The five-headed hydra bites you!
You die...

.##.# ##.#..#
#.#.#.#QK
#####5.#...#
#c5..c[5#.###
#t9#8........
#cJJtK.5#.###
..#######
#D###..#...# .
........# #@#
#.#.#.#..
....#####.###.#
##.#..#
.......<...^..#
.##.#
.....#........#
#. ...
..............#
.# #.
....##.....####
#. ## #.....#
.......#
........#


You could see a five-headed hydra (extremely poisoned), a large slime creature,
a centaur warrior, a fire crab, a yaktaur shaped shifter, a gargoyle and a
shadow imp (summoned).

Vanquished Creatures
  A storm dragon (D:13)
  A tengu reaver (D:13)
  Josephine (D:10)
  7 hydras
  4 boulder beetles
  4 catoblepae (Lair:5)
  3 centaur warriors
  5 two-headed ogres
  7 death yaks (Lair:5)
  Urug (Lair:3)
  A fire crab (shapeshifter) (D:13)
  Nergalle (D:10)
  4 cyclopes
  3 ugly things
  5 manticores
  5 elephants (Lair:4)
  7 black mambas
  A torpor snail (Lair:4)
  3 gargoyles (D:12)
  Maggie (D:6)
  10 cane toads
  A freezing wraith (D:12)
  2 unseen horrors (D:12)
  3 kobold demonologists (D:10)
  7 komodo dragons
  3 trolls
  Grinder (D:5)
  18 blink frogs
  7 slime creatures
  4 dream sheep (Lair:4)
  Sigmund (D:2)
  A vampire (D:11)
  A shadow (D:12)
  7 wraiths
  25 yaks
  Eustachio (D:5)
  5 wyverns
  3 basilisks
  8 vampire mosquitoes
  Menkaure (D:6)
  4 steam dragons (D:8)
  3 nagas
  2 acid dragons
  7 water moccasins
  2 black bears (D:5)
  9 orc warriors
  2 ogres
  An ice beast (D:7)
  57 wolves
  7 centaurs
  A phantom (D:6)
  4 kobold brigands
  11 bullfrogs
  Blork the orc (D:5)
  3 gnoll sergeants
  2 scorpions
  19 wights
  8 killer bees
  3 electric eels (Lair:1)
  7 hounds
  6 orc priests
  2 gnoll boudas
  A jelly (D:5)
  Jessica (D:2)
  4 iguanas
  9 orc wizards
  Robin (D:2)
  32 gnolls
  5 adders
  2 river rats (Sewer)
  2 white imps
  3 worms
  4 dart slugs
  45 orcs
  20 ball pythons
  4 endoplasms
  5 giant cockroaches
  14 goblins
  10 hobgoblins
  6 jackals
  16 kobolds
  3 quokkas
  4 bats
  7 frilled lizards
  31 rats
564 creatures vanquished.

Vanquished Creatures (collateral kills)
  4 hydras
  A gargoyle (D:12)
  A shadow (D:12)
  A basilisk (Lair:1)
  5 wolves
  A kobold (D:10)
13 creatures vanquished.

Vanquished Creatures (others)
  35 fungi
  62 plants
97 creatures vanquished.

Grand Total: 674 creatures vanquished

Notes
Turn   | Place    | Note
-------+----------+-------------------------------------------
     0 | D:1      | qw the Gargoyle Berserker began the quest for the Orb.
     0 | D:1      | Reached XP level 1. HP: 14/14 MP: 1/1
     0 | D:1      | 0 ||| qw: Version: 0.1-a-104-g96f76f8
     0 | D:1      | 0 ||| qw: Game counter: 5811
     0 | D:1      | 0 ||| qw: Always use a shield: true
     0 | D:1      | 0 ||| qw: Do Orc after D:15 true
     0 | D:1      | 0 ||| qw: Do second Lair branch before Depths: true
     0 | D:1      | 0 ||| qw: Lair rune preference: random
     0 | D:1      | 0 ||| qw: Plans: Normal
     0 | D:1      | 0 ||| PLANNING D:1-11
    63 | D:1      | 63 ||| INVOKING Berserk.
    67 | D:1      | Reached skill level 3 in Axes
    67 | D:1      | Reached XP level 2. HP: 19/19 MP: 2/2
   527 | D:1      | Reached XP level 3. HP: 23/23 MP: 3/3
   846 | D:1      | 846 ||| UPGRADING to +0 pair of gloves.
   851 | D:1      | 851 ||| UPGRADING to +0 leather armour.
   861 | D:1      | 861 ||| DROPPING +0 animal skin.
   862 | D:1      | 862 ||| READING scroll labelled PESHRE ERPHIUQY.
   862 | D:1      | Identified a scroll of acquirement
   862 | D:1      | 862 ||| ACQUIRING +2 pair of boots of the Orb {Stlth+}
   862 | D:1      | Acquired the +2 pair of boots of the Orb {Stlth+}
   864 | D:1      | 864 ||| UPGRADING to +2 pair of boots of the Orb {Stlth+}.
   869 | D:1      | 869 ||| READING scroll labelled WUOWOE BENIGU.
   870 | D:1      | 870 ||| READING scroll labelled SEOMIRPHICS.
   873 | D:1      | 873 ||| DRINKING 3 amethyst potions.
   945 | D:2      | 945 ||| Stepping ~*~*~tactically~*~*~ (stealth).
   949 | D:2      | 949 ||| Stepping ~*~*~tactically~*~*~ (stealth).
   951 | D:2      | 951 ||| Stepping ~*~*~tactically~*~*~ (stealth).
   953 | D:2      | 953 ||| Stepping ~*~*~tactically~*~*~ (stealth).
   954 | D:2      | 954 ||| Stepping ~*~*~tactically~*~*~ (stealth).
   958 | D:2      | 958 ||| FLEEEEING.
   959 | D:2      | 959 ||| INVOKING Berserk.
   961 | D:2      | Reached skill level 4 in Axes
  1025 | D:2      | 1025 ||| Stepping ~*~*~tactically~*~*~ (stealth).
  1026 | D:2      | 1026 ||| Stepping ~*~*~tactically~*~*~ (stealth).
  1028 | D:2      | 1028 ||| Stepping ~*~*~tactically~*~*~ (stealth).
  1032 | D:2      | 1032 ||| Stepping ~*~*~tactically~*~*~ (stealth).
  1034 | D:2      | 1034 ||| Stepping ~*~*~tactically~*~*~ (stealth).
  1035 | D:2      | 1035 ||| Stepping ~*~*~tactically~*~*~ (stealth).
  1040 | D:2      | 1040 ||| Stepping ~*~*~tactically~*~*~ (stealth).
  1071 | D:2      | 1071 ||| Stepping ~*~*~tactically~*~*~ (stealth).
  1079 | D:2      | 1079 ||| Stepping ~*~*~tactically~*~*~ (stealth).
  1082 | D:2      | 1082 ||| Stepping ~*~*~tactically~*~*~ (stealth).
  1088 | D:2      | 1088 ||| Stepping ~*~*~tactically~*~*~ (stealth).
  1090 | D:2      | 1090 ||| Stepping ~*~*~tactically~*~*~ (stealth).
  1184 | D:2      | Noticed Sigmund
  1185 | D:2      | 1185 ||| Stepping ~*~*~tactically~*~*~ (hiding).
  1187 | D:2      | 1187 ||| Stepping ~*~*~tactically~*~*~ (stealth).
  1189 | D:2      | 1189 ||| INVOKING Berserk.
  1193 | D:2      | Killed Sigmund
  1194 | D:2      | Reached skill level 5 in Axes
  1194 | D:2      | Reached XP level 4. HP: 28/28 MP: 4/4
  1194 | D:2      | Reached XP level 5. HP: 32/32 MP: 5/5
  1369 | D:2      | 1369 ||| DROPPING +0 whip.
  1461 | D:2      | Noticed Robin
  1470 | D:2      | Reached ** piety under Trog
  1471 | D:2      | 1471 ||| INVOKING Berserk.
  1474 | D:2      | Killed Robin
  1475 | D:2      | Reached XP level 6. HP: 32/38 MP: 6/6
  1617 | D:2      | 1617 ||| Stepping ~*~*~tactically~*~*~ (hiding).
  1719 | D:2      | 1719 ||| Stepping ~*~*~tactically~*~*~ (hiding).
  1798 | D:2      | 1798 ||| Stepping ~*~*~tactically~*~*~ (stealth).
  1805 | D:2      | 1805 ||| Stepping ~*~*~tactically~*~*~ (hiding).
  2179 | D:2      | Noticed Jessica
  2185 | D:2      | Killed Jessica
  2345 | D:2      | 2345 ||| UPGRADING to +0 helmet.
  2350 | D:2      | 2350 ||| UPGRADING to +0 ring mail.
  2360 | D:2      | 2360 ||| DROPPING +0 leather armour.
  2361 | D:2      | 2361 ||| READING 2 scrolls labelled NIFYN ETUEMUZI.
  2362 | D:2      | 2362 ||| READING scroll of enchant armour.
  2362 | D:2      | 2362 ||| ENCHANTING +0 pair of gloves.
  2363 | D:2      | 2363 ||| READING 3 scrolls labelled MUBUGI ROMANKA.
  2364 | D:2      | 2364 ||| READING 2 scrolls of enchant weapon.
  2364 | D:2      | 2364 ||| ENCHANTING +1 hand axe.
  2365 | D:2      | 2365 ||| READING scroll of enchant weapon.
  2365 | D:2      | 2365 ||| ENCHANTING +2 hand axe.
  2366 | D:2      | 2366 ||| READING scroll labelled ARCHIUGGUICO.
  2392 | D:3      | 2392 ||| PLANNING SEWER
  2394 | D:3      | 2394 ||| INVOKING Berserk.
  2405 | D:3      | Reached skill level 6 in Axes
  2541 | D:3      | Found a glowing drain.
  2543 | D:3      | 2543 ||| Stepping ~*~*~tactically~*~*~ (hiding).
  2645 | D:3      | 2645 ||| Stepping ~*~*~tactically~*~*~ (hiding).
  2646 | D:3      | 2646 ||| Stepping ~*~*~tactically~*~*~ (hiding).
  2696 | Sewer    | Entered a sewer
  2801 | Sewer    | 2801 ||| Stepping ~*~*~tactically~*~*~ (stealth).
  2853 | Sewer    | 2853 ||| Stepping ~*~*~tactically~*~*~ (water).
  2941 | Sewer    | 2941 ||| Stepping ~*~*~tactically~*~*~ (stealth).
  2961 | Sewer    | 2961 ||| Stepping ~*~*~tactically~*~*~ (stealth).
  2962 | Sewer    | 2962 ||| Stepping ~*~*~tactically~*~*~ (stealth).
  2980 | Sewer    | 2980 ||| Stepping ~*~*~tactically~*~*~ (water).
  2988 | Sewer    | Reached *** piety under Trog
  3084 | Sewer    | Reached XP level 7. HP: 39/43 MP: 7/7
  3177 | Sewer    | 3177 ||| READING scroll of enchant armour.
  3177 | Sewer    | 3177 ||| ENCHANTING +1 pair of gloves.
  3178 | Sewer    | 3178 ||| READING scroll labelled XIUPHI ACAEL.
  3179 | Sewer    | 3179 ||| READING 2 scrolls labelled JOBRA YKUNAJ.
  3180 | Sewer    | 3180 ||| DROPPING scroll of butterflies.
  3184 | D:3      | 3184 ||| PLANNING D:1-11
  3233 | D:3      | 3233 ||| DROPPING +2 mace of holy wrath.
  3274 | D:3      | Found a runed translucent gate.
  3275 | D:3      | Found a runed translucent gate.
  3357 | D:3      | Reached skill level 7 in Axes
  3538 | D:3      | Found a blossoming altar of Fedhas.
  3669 | D:3      | Found the +7 Throatcutter {drain, coup de grace}
  3673 | D:3      | Found a faded altar of an unknown god.
  3691 | D:3      | 3691 ||| READING scroll of enchant weapon.
  3691 | D:3      | 3691 ||| ENCHANTING +3 hand axe.
  3699 | D:3      | 3699 ||| Stepping ~*~*~tactically~*~*~ (stealth).
  4047 | D:3      | Found a runed translucent gate.
  4058 | D:3      | Noticed qw's ghost (weakling MiFi)
  4072 | D:3      | 4072 ||| READING 2 scrolls labelled NOECLU DECWAL.
  4073 | D:3      | 4073 ||| READING scroll labelled ZUSATU ZEIP HAD.
  4074 | D:3      | 4074 ||| DROPPING scroll of immolation.
  4088 | D:4      | Found a shadowy altar of Dithmenos.
  4092 | D:4      | 4092 ||| STAIRDANCE
  4115 | D:4      | 4115 ||| STAIRDANCE
  4140 | D:4      | 4140 ||| STAIRDANCE
  4188 | D:4      | Found a glowing silver altar of Zin.
  4317 | D:4      | Found a sacrificial altar of Ru.
  4369 | D:4      | Reached **** piety under Trog
  4560 | D:4      | 4560 ||| INVOKING Berserk.
  4760 | D:4      | 4760 ||| UPGRADING to +0 scale mail.
  4770 | D:4      | 4770 ||| DROPPING +0 ring mail.
  4771 | D:4      | 4771 ||| DROPPING +2 pair of boots.
  4772 | D:4      | 4772 ||| READING scroll labelled CYP YFERHEARR.
  4773 | D:4      | 4773 ||| DRINKING 2 fizzy purple potions.
  4795 | D:5      | Entered Level 5 of the Dungeon
  4863 | D:5      | 4863 ||| INVOKING Berserk.
  4868 | D:5      | Reached skill level 3 in Armour
  4868 | D:5      | Reached XP level 8. HP: 49/49 MP: 8/8
  5016 | D:5      | 5016 ||| INVOKING Berserk.
  5020 | D:5      | Reached skill level 8 in Axes
  5161 | D:5      | Noticed Grinder
  5162 | D:5      | 5162 ||| Stepping ~*~*~tactically~*~*~ (hiding).
  5166 | D:5      | 5166 ||| INVOKING Trog's Hand.
  5168 | D:5      | 5168 ||| INVOKING Berserk.
  5172 | D:5      | Killed Grinder
  5173 | D:5      | Reached skill level 6 in Fighting
  5560 | D:5      | 5560 ||| INVOKING Berserk.
  5694 | D:5      | Noticed Eustachio
  5696 | D:5      | 5696 ||| INVOKING Berserk.
  5705 | D:5      | Killed Eustachio
  5966 | D:5      | Noticed Blork the orc
  5968 | D:5      | 5968 ||| INVOKING Berserk.
  5973 | D:5      | Killed Blork the orc
  6315 | D:5      | Reached skill level 9 in Axes
  6326 | D:5      | Noticed a wraith
  6343 | D:5      | 6343 ||| INVOKING Berserk.
  6348 | D:5      | Killed a wraith
  6349 | D:5      | Reached XP level 9. HP: 22/55 MP: 9/9
  6580 | D:5      | 6580 ||| UPGRADING to +0 cloak.
  6585 | D:5      | 6585 ||| READING scroll labelled BOSELO ZIGOS.
  6586 | D:5      | 6586 ||| DRINKING 3 viscous sapphire potions.
  6587 | D:5      | 6587 ||| DRINKING 2 viscous golden potions.
  6588 | D:5      | 6588 ||| DROPPING 2 potions of attraction.
  6589 | D:5      | 6589 ||| DROPPING potion of degeneration.
  6676 | D:6      | 6676 ||| Stepping ~*~*~tactically~*~*~ (hiding).
  6696 | D:6      | 6696 ||| SWAPPING to +0 war axe.
  6697 | D:6      | 6697 ||| DROPPING +4 hand axe.
  6727 | D:6      | 6727 ||| Stepping ~*~*~tactically~*~*~ (hiding).
  6850 | D:6      | 6850 ||| Stepping ~*~*~tactically~*~*~ (hiding).
  6852 | D:6      | 6852 ||| Stepping ~*~*~tactically~*~*~ (hiding).
  6965 | D:6      | Noticed Maggie
  6979 | D:6      | HP: 8/56 [Maggie/bolt of fire (18)]
  6980 | D:6      | 6980 ||| READING scroll of teleportation.
  7247 | D:6      | Killed Maggie
  7378 | D:6      | Noticed Menkaure
  7379 | D:6      | 7379 ||| INVOKING Berserk.
  7382 | D:6      | Killed Menkaure
  7648 | D:6      | Found a runed translucent door.
  7649 | D:6      | Noticed Crazy Yiuf
  7718 | D:6      | Found a snail-covered altar of Cheibriados.
  7719 | D:6      | 7719 ||| UPGRADING to +6 ring of strength.
  7720 | D:6      | 7720 ||| DRINKING 2 dark potions.
  7720 | D:6      | Gained mutation: You have an increased reservoir of magic.
                  | (+10% MP) [potion of mutation]
  7720 | D:6      | Gained mutation: You are somewhat resistant to further
                  | mutation. [potion of mutation]
  7721 | D:6      | 7721 ||| DRINKING 2 clear potions.
  7731 | D:6      | 7731 ||| READING 4 scrolls of identify.
  7731 | D:6      | 7731 ||| IDENTIFYING golden potion
  7732 | D:6      | 7732 ||| READING 3 scrolls of identify.
  7732 | D:6      | 7732 ||| IDENTIFYING yellow potion
  7733 | D:6      | 7733 ||| READING 2 scrolls of identify.
  7733 | D:6      | 7733 ||| IDENTIFYING silvery potion
  7734 | D:6      | 7734 ||| DROPPING potion of ambrosia.
  7735 | D:6      | 7735 ||| Stepping randomly (stuck).
  7736 | D:6      | 7736 ||| Stepping randomly (stuck).
  7737 | D:6      | 7737 ||| Stepping randomly (stuck).
  7738 | D:6      | 7738 ||| Stepping randomly (stuck).
  7739 | D:6      | 7739 ||| Stepping randomly (stuck).
  7740 | D:6      | 7740 ||| Stepping randomly (stuck).
  7741 | D:6      | 7741 ||| Stepping randomly (stuck).
  7742 | D:6      | 7742 ||| Stepping randomly (stuck).
  7743 | D:6      | 7743 ||| Stepping randomly (stuck).
  7747 | D:6      | 7747 ||| Stepping randomly (stuck).
  7748 | D:6      | 7748 ||| Stepping randomly (stuck).
  7749 | D:6      | 7749 ||| Stepping randomly (stuck).
  7750 | D:6      | 7750 ||| Stepping randomly (stuck).
  7751 | D:6      | 7751 ||| Stepping randomly (stuck).
  7752 | D:6      | 7752 ||| Stepping randomly (stuck).
  7753 | D:6      | 7753 ||| Stepping randomly (stuck).
  7755 | D:6      | 7755 ||| Stepping randomly (stuck).
  7757 | D:6      | 7757 ||| Stepping randomly (stuck).
  7759 | D:6      | 7759 ||| Stepping randomly (stuck).
  7760 | D:6      | 7760 ||| Stepping randomly (stuck).
  7761 | D:6      | 7761 ||| Stepping randomly (stuck).
  7762 | D:6      | 7762 ||| Stepping randomly (stuck).
  7763 | D:6      | 7763 ||| Stepping randomly (stuck).
  7764 | D:6      | 7764 ||| Stepping randomly (stuck).
  7765 | D:6      | 7765 ||| Stepping randomly (stuck).
  7767 | D:6      | 7767 ||| Stepping randomly (stuck).
  7768 | D:6      | 7768 ||| Stepping randomly (stuck).
  7769 | D:6      | 7769 ||| Stepping randomly (stuck).
  7770 | D:6      | 7770 ||| Stepping randomly (stuck).
  7773 | D:6      | 7773 ||| Stepping randomly (stuck).
  7775 | D:6      | 7775 ||| Stepping randomly (stuck).
  7776 | D:6      | 7776 ||| Stepping randomly (stuck).
  7778 | D:6      | 7778 ||| Stepping randomly (stuck).
  7780 | D:6      | 7780 ||| Stepping randomly (stuck).
  7781 | D:6      | 7781 ||| Stepping randomly (stuck).
  7783 | D:6      | 7783 ||| Stepping randomly (stuck).
  7785 | D:6      | 7785 ||| Stepping randomly (stuck).
  7786 | D:6      | 7786 ||| Stepping randomly (stuck).
  7991 | D:6      | 7991 ||| Stepping ~*~*~tactically~*~*~ (hiding).
  8001 | D:6      | Reached skill level 10 in Axes
  8048 | D:6      | 8048 ||| DROPPING +0 flail.
  8421 | D:6      | 8421 ||| UPGRADING to +0 buckler.
  8426 | D:6      | 8426 ||| READING scroll labelled VEKEACUMPU.
  8548 | D:7      | 8548 ||| PLANNING OSSUARY
  8587 | D:7      | 8587 ||| Stepping ~*~*~tactically~*~*~ (stealth).
  8589 | D:7      | 8589 ||| Stepping ~*~*~tactically~*~*~ (stealth).
  8597 | D:7      | Reached skill level 1 in Shields
  8866 | D:7      | Found a burning altar of Makhleb.
  8883 | D:7      | Reached skill level 3 in Shields
  8924 | D:7      | 8924 ||| INVOKING Berserk.
  9311 | D:7      | 9311 ||| RIP OSSUARY
  9356 | D:7      | 9356 ||| PLANNING D:1-11
  9423 | D:7      | 9423 ||| INVOKING Berserk.
  9430 | D:7      | Reached XP level 10. HP: 64/64 MP: 11/11
  9566 | D:7      | Found a staircase to the Ecumenical Temple.
  9613 | D:7      | 9613 ||| READING scroll of enchant armour.
  9613 | D:7      | 9613 ||| ENCHANTING +0 helmet.
  9658 | D:7      | Found an ancient bone altar of Kikubaaqudgha.
  9843 | D:7      | 9843 ||| Stepping ~*~*~tactically~*~*~ (hiding).
  9947 | D:7      | Noticed a purple ugly thing
  9962 | D:7      | 9962 ||| INVOKING Berserk.
  9974 | D:7      | Killed a purple ugly thing
 10154 | D:7      | Noticed a cyclops
 10155 | D:7      | 10155 ||| FLEEEEING.
 10156 | D:7      | 10156 ||| FLEEEEING.
 10159 | D:7      | 10159 ||| FLEEEEING.
 10160 | D:7      | 10160 ||| FLEEEEING.
 10161 | D:7      | 10161 ||| FLEEEEING.
 10163 | D:7      | 10163 ||| FLEEEEING.
 10164 | D:7      | 10164 ||| FLEEEEING.
 10165 | D:7      | 10165 ||| FLEEEEING.
 10180 | D:7      | 10180 ||| FLEEEEING.
 10183 | D:7      | 10183 ||| STAIRDANCE
 10344 | D:6      | 10344 ||| READING scroll labelled POASIY PUTRUNG.
 10345 | D:6      | 10345 ||| DRINKING 2 orange potions.
 10346 | D:6      | 10346 ||| DROPPING potion of brilliance.
 10499 | D:8      | 10499 ||| Stepping ~*~*~tactically~*~*~ (cloud).
 10501 | D:8      | 10501 ||| Stepping ~*~*~tactically~*~*~ (hiding).
 10502 | D:8      | 10502 ||| Stepping ~*~*~tactically~*~*~ (cloud).
 10504 | D:8      | 10504 ||| INVOKING Berserk.
 10663 | D:8      | 10663 ||| Stepping ~*~*~tactically~*~*~ (hiding).
 10668 | D:8      | 10668 ||| INVOKING Berserk.
 10806 | D:8      | Identified the +8 plate armour of Daisies {rCorr MP+9}
 10836 | D:8      | Reached skill level 11 in Axes
 10890 | D:8      | 10890 ||| INVOKING Berserk.
 10899 | D:8      | 10899 ||| Stepping ~*~*~tactically~*~*~ (cloud).
 10900 | D:8      | 10900 ||| STAIRDANCE
 10946 | D:7      | 10946 ||| Stepping ~*~*~tactically~*~*~ (stealth).
 10947 | D:7      | 10947 ||| Stepping ~*~*~tactically~*~*~ (stealth).
 10952 | D:7      | 10952 ||| UPGRADING to +8 plate armour of Daisies {rCorr
                  | MP+9}.
 10962 | D:7      | 10962 ||| INVOKING Berserk.
 10969 | D:7      | Killed a cyclops
 10970 | D:7      | Reached skill level 6 in Armour
 11081 | D:7      | 11081 ||| DROPPING +0 scale mail.
 11082 | D:7      | 11082 ||| DROPPING +3 leather armour of fire resistance.
 11164 | D:8      | 11164 ||| Stepping ~*~*~tactically~*~*~ (stealth).
 11205 | D:8      | 11205 ||| DROPPING +1 morningstar.
 11397 | D:8      | 11397 ||| Stepping ~*~*~tactically~*~*~ (stealth).
 11400 | D:8      | 11400 ||| Stepping ~*~*~tactically~*~*~ (hiding).
 11402 | D:8      | 11402 ||| INVOKING Berserk.
 11533 | D:8      | 11533 ||| SWAPPING to +2 war axe of freezing.
 11534 | D:8      | 11534 ||| DROPPING +0 war axe.
 11575 | D:8      | 11575 ||| Stepping ~*~*~tactically~*~*~ (stealth).
 11577 | D:8      | 11577 ||| Stepping ~*~*~tactically~*~*~ (stealth).
 11751 | D:9      | Found an opulent altar of Gozag.
 11807 | D:9      | 11807 ||| INVOKING Berserk.
 11930 | D:9      | Reached XP level 11. HP: 65/69 MP: 12/12
 11933 | D:9      | Reached skill level 9 in Fighting
 12044 | D:9      | 12044 ||| Stepping ~*~*~tactically~*~*~ (hiding).
 12383 | D:9      | 12383 ||| Stepping ~*~*~tactically~*~*~ (stealth).
 12385 | D:9      | 12385 ||| Stepping ~*~*~tactically~*~*~ (hiding).
 12390 | D:9      | Reached ***** piety under Trog
 12662 | D:9      | 12662 ||| DROPPING +1 hat.
 12663 | D:9      | 12663 ||| READING scroll labelled DIPHIF LABBOI.
 12691 | D:10     | Entered Level 10 of the Dungeon
 12691 | D:10     | Found a bloodstained altar of Trog.
 12700 | D:10     | Found a glowing golden altar of the Shining One.
 12839 | D:10     | 12839 ||| Stepping ~*~*~tactically~*~*~ (stealth).
 12938 | D:10     | 12938 ||| Invisible monster not found???
 12940 | D:10     | Found a flagged portal.
 13000 | D:10     | 13000 ||| Stepping ~*~*~tactically~*~*~ (hiding).
 13002 | D:10     | 13002 ||| INVOKING Brothers in Arms.
 13004 | D:10     | Reached skill level 9 in Armour
 13007 | D:10     | 13007 ||| INVOKING Berserk.
 13014 | D:10     | Noticed a sun demon
 13224 | D:10     | Noticed Josephine
 13225 | D:10     | 13225 ||| Stepping ~*~*~tactically~*~*~ (hiding).
 13238 | D:10     | Killed Josephine
 13244 | D:10     | 13244 ||| INVOKING Berserk.
 13254 | D:10     | Reached skill level 12 in Axes
 13500 | D:10     | 13500 ||| INVOKING Berserk.
 13522 | D:10     | Reached skill level 6 in Shields
 13715 | D:10     | 13715 ||| Stepping ~*~*~tactically~*~*~ (stealth).
 13717 | D:10     | 13717 ||| Stepping ~*~*~tactically~*~*~ (hiding).
 13727 | D:10     | Noticed a two-headed ogre
 13731 | D:10     | 13731 ||| INVOKING Berserk.
 13737 | D:10     | Killed a two-headed ogre
 13866 | D:10     | Found a staircase to the Lair.
 13894 | D:10     | Noticed Nergalle
 13895 | D:10     | 13895 ||| Stepping ~*~*~tactically~*~*~ (hiding).
 13899 | D:10     | 13899 ||| INVOKING Berserk.
 13906 | D:10     | Killed Nergalle
 14271 | D:10     | 14271 ||| PLANNING LAIR
 14299 | Lair:1   | Entered Level 1 of the Lair of Beasts
 14303 | Lair:1   | 14303 ||| INVOKING Berserk.
 14319 | Lair:1   | 14319 ||| Stepping ~*~*~tactically~*~*~ (water).
 14334 | Lair:1   | 14334 ||| INVOKING Brothers in Arms.
 14335 | Lair:1   | 14335 ||| INVOKING Brothers in Arms.
 14336 | Lair:1   | Reached XP level 12. HP: 26/77 MP: 13/13
 14347 | Lair:1   | Noticed Fannar
 14351 | Lair:1   | HP: 18/77 [wolf (7)]
 14352 | Lair:1   | 14352 ||| READING 2 scrolls of teleportation.
 14353 | Lair:1   | 14353 ||| DRINKING 3 potions of heal wounds.
 14373 | Lair:1   | Reached skill level 13 in Axes
 14601 | Lair:1   | 14601 ||| INVOKING Berserk.
 14604 | Lair:1   | Reached skill level 3 in Throwing
 14926 | Lair:1   | Noticed a six-headed hydra
 14927 | Lair:1   | 14927 ||| INVOKING Brothers in Arms.
 14930 | Lair:1   | 14930 ||| INVOKING Brothers in Arms.
 14931 | Lair:1   | 14931 ||| SWAPPING to +3 morningstar.
 14932 | Lair:1   | 14932 ||| INVOKING Berserk.
 14932 | Lair:1   | Killed a six-headed hydra
 14938 | Lair:1   | 14938 ||| SWAPPING to +2 war axe of venom.
 15182 | Lair:1   | 15182 ||| Stepping ~*~*~tactically~*~*~ (stealth).
 15268 | Lair:1   | 15268 ||| Stepping ~*~*~tactically~*~*~ (stealth).
 15487 | Lair:1   | Noticed an eight-headed hydra
 15489 | Lair:1   | 15489 ||| INVOKING Brothers in Arms.
 15490 | Lair:1   | 15490 ||| SWAPPING to +3 morningstar.
 15491 | Lair:1   | 15491 ||| INVOKING Berserk.
 15496 | Lair:1   | Killed an eight-headed hydra
 15578 | Lair:1   | 15578 ||| SWAPPING to +2 war axe of venom.
 15825 | Lair:2   | Noticed a seven-headed hydra
 15829 | Lair:2   | 15829 ||| SWAPPING to +3 morningstar.
 15830 | Lair:2   | 15830 ||| INVOKING Berserk.
 15837 | Lair:2   | Killed a seven-headed hydra
 15865 | Lair:2   | 15865 ||| SWAPPING to +2 war axe of venom.
 16104 | Lair:2   | Found an iron altar of Okawaru.
 16106 | Lair:2   | Found a staircase to the Swamp.
 16113 | Lair:2   | 16113 ||| INVOKING Berserk.
 16330 | Lair:2   | Identified the +12 dagger "Iwe Rem" {vorpal, Str+2}
 16377 | Lair:2   | 16377 ||| INVOKING Berserk.
 16393 | Lair:2   | Reached skill level 14 in Axes
 16431 | Lair:2   | 16431 ||| INVOKING Berserk.
 16504 | Lair:2   | 16504 ||| INVOKING Berserk.
 16871 | Lair:2   | Noticed a four-headed hydra
 16872 | Lair:2   | 16872 ||| SWAPPING to +3 morningstar.
 16873 | Lair:2   | 16873 ||| INVOKING Berserk.
 16878 | Lair:2   | Killed a four-headed hydra
 16883 | Lair:2   | 16883 ||| SWAPPING to +2 war axe of venom.
 17001 | Lair:2   | 17001 ||| INVOKING Berserk.
 17111 | Lair:2   | 17111 ||| Stepping ~*~*~tactically~*~*~ (hiding).
 17115 | Lair:2   | 17115 ||| Stepping ~*~*~tactically~*~*~ (hiding).
 17118 | Lair:2   | Found a staircase to the Snake Pit.
 17123 | Lair:2   | 17123 ||| Stepping ~*~*~tactically~*~*~ (hiding).
 17610 | Lair:2   | 17610 ||| READING scroll labelled QEWURI XUXA.
 17682 | Lair:2   | 17682 ||| DRINKING 2 white potions.
 17755 | Lair:2   | 17755 ||| DROPPING potion of lignification.
 17823 | Lair:3   | 17823 ||| STAIRDANCE
 17838 | Lair:3   | 17838 ||| STAIRDANCE
 17944 | Lair:3   | 17944 ||| STAIRDANCE
 17992 | Lair:3   | 17992 ||| INVOKING Berserk.
 18000 | Lair:3   | Reached XP level 13. HP: 84/84 MP: 14/14
 18067 | Lair:3   | 18067 ||| INVOKING Berserk.
 18070 | Lair:3   | Noticed Urug
 18086 | Lair:3   | Killed Urug
 18320 | Lair:3   | 18320 ||| DROPPING +3 morningstar.
 18328 | Lair:3   | 18328 ||| INVOKING Berserk.
 18496 | Lair:3   | 18496 ||| INVOKING Berserk.
 19150 | Lair:3   | 19150 ||| READING 7 scrolls of identify.
 19150 | Lair:3   | 19150 ||| IDENTIFYING fuming cyan potion
 19151 | Lair:3   | 19151 ||| DROPPING potion of invisibility.
 19185 | Lair:4   | 19185 ||| Stepping ~*~*~tactically~*~*~ (stealth).
 19195 | Lair:4   | 19195 ||| STAIRDANCE
 19254 | Lair:4   | 19254 ||| INVOKING Berserk.
 19373 | Lair:4   | 19373 ||| INVOKING Brothers in Arms.
 19374 | Lair:4   | 19374 ||| INVOKING Brothers in Arms.
 19376 | Lair:4   | 19376 ||| SWAPPING to +0 eveningstar of venom.
 19377 | Lair:4   | 19377 ||| INVOKING Berserk.
 19396 | Lair:4   | 19396 ||| SWAPPING to +2 war axe of venom.
 19661 | Lair:4   | 19661 ||| Stepping ~*~*~tactically~*~*~ (stealth).
 19740 | Lair:4   | You fall into a shaft and drop 1 floor!
 19740 | Lair:5   | Entered Level 5 of the Lair of Beasts
 19761 | Lair:5   | Reached skill level 15 in Axes
 19839 | Lair:5   | 19839 ||| INVOKING Berserk.
 19972 | Lair:5   | 19972 ||| Stepping ~*~*~tactically~*~*~ (stealth).
 19973 | Lair:5   | 19973 ||| INVOKING Berserk.
 20006 | Lair:5   | Reached skill level 12 in Fighting
 20009 | Lair:5   | HP: 15/86 [catoblepas (11)]
 20010 | Lair:5   | 20010 ||| READING 2 scrolls of teleportation.
 20010 | Lair:5   | HP: 5/86 [catoblepas (10)]
 20011 | Lair:5   | 20011 ||| DRINKING 2 potions of heal wounds.
 20013 | Lair:5   | 20013 ||| DRINKING potion of heal wounds.
 20031 | Lair:5   | HP: 20/86 [catoblepas (18)]
 20032 | Lair:5   | 20032 ||| READING scroll of teleportation.
 20061 | Lair:5   | 20061 ||| INVOKING Berserk.
 20070 | Lair:5   | Reached skill level 3 in Dodging
 20092 | Lair:5   | 20092 ||| INVOKING Berserk.
 20106 | Lair:5   | 20106 ||| INVOKING Brothers in Arms.
 20107 | Lair:5   | 20107 ||| INVOKING Brothers in Arms.
 20109 | Lair:5   | 20109 ||| SWAPPING to +0 eveningstar of venom.
 20113 | Lair:5   | 20113 ||| INVOKING Brothers in Arms.
 20114 | Lair:5   | 20114 ||| INVOKING Brothers in Arms.
 20114 | Lair:5   | HP: 21/86 [four-headed hydra (8)]
 20115 | Lair:5   | 20115 ||| INVOKING Brothers in Arms.
 20116 | Lair:5   | HP: 10/86 [four-headed hydra (11)]
 20118 | Lair:5   | 20118 ||| SWAPPING to +2 war axe of venom.
 20143 | Lair:5   | 20143 ||| Stepping ~*~*~tactically~*~*~ (hiding).
 20151 | Lair:5   | 20151 ||| INVOKING Berserk.
 20162 | Lair:5   | 20162 ||| Stepping ~*~*~tactically~*~*~ (stealth).
 20165 | Lair:5   | 20165 ||| Stepping ~*~*~tactically~*~*~ (stealth).
 20202 | Lair:5   | 20202 ||| INVOKING Berserk.
 20268 | Lair:5   | 20268 ||| Stepping ~*~*~tactically~*~*~ (stealth).
 20270 | Lair:5   | 20270 ||| INVOKING Brothers in Arms.
 20271 | Lair:5   | 20271 ||| INVOKING Brothers in Arms.
 20272 | Lair:5   | 20272 ||| INVOKING Brothers in Arms.
 20273 | Lair:5   | 20273 ||| INVOKING Brothers in Arms.
 20274 | Lair:5   | 20274 ||| INVOKING Brothers in Arms.
 20275 | Lair:5   | 20275 ||| INVOKING Brothers in Arms.
 20276 | Lair:5   | 20276 ||| INVOKING Brothers in Arms.
 20277 | Lair:5   | 20277 ||| INVOKING Brothers in Arms.
 20278 | Lair:5   | 20278 ||| INVOKING Brothers in Arms.
 20279 | Lair:5   | 20279 ||| SWAPPING to +0 eveningstar of venom.
 20280 | Lair:5   | 20280 ||| INVOKING Berserk.
 20281 | Lair:5   | HP: 28/129 [five-headed hydra (5)]
 20283 | Lair:5   | Gained mutation: Your large and strong wings let you fly.
                  | [Gargoyle growth]
 20283 | Lair:5   | Reached XP level 14. HP: 30/92 MP: 15/15
 20289 | Lair:5   | 20289 ||| SWAPPING to +2 war axe of venom.
 20473 | Lair:5   | 20473 ||| Stepping ~*~*~tactically~*~*~ (stealth).
 20606 | Lair:5   | 20606 ||| READING scroll labelled ORPHAR DOSOCK.
 20631 | Lair:5   | Found a staircase to the Slime Pits.
 20823 | Lair:5   | 20823 ||| Stepping ~*~*~tactically~*~*~ (stealth).
 20872 | Lair:5   | 20872 ||| READING 6 scrolls of identify.
 20872 | Lair:5   | 20872 ||| IDENTIFYING murky coppery potion
 20873 | Lair:5   | 20873 ||| DROPPING potion of berserk rage.
 20888 | Lair:4   | 20888 ||| FLEEEEING.
 20889 | Lair:4   | 20889 ||| FLEEEEING.
 20890 | Lair:4   | 20890 ||| FLEEEEING.
 20891 | Lair:4   | 20891 ||| FLEEEEING.
 20892 | Lair:4   | 20892 ||| FLEEEEING.
 20893 | Lair:4   | 20893 ||| FLEEEEING.
 20894 | Lair:4   | 20894 ||| FLEEEEING.
 20895 | Lair:4   | 20895 ||| FLEEEEING.
 20896 | Lair:4   | 20896 ||| FLEEEEING.
 20897 | Lair:4   | 20897 ||| FLEEEEING.
 20898 | Lair:4   | 20898 ||| FLEEEEING.
 20899 | Lair:4   | 20899 ||| FLEEEEING.
 20900 | Lair:4   | 20900 ||| FLEEEEING.
 20901 | Lair:4   | 20901 ||| FLEEEEING.
 20902 | Lair:4   | 20902 ||| FLEEEEING.
 20903 | Lair:4   | 20903 ||| FLEEEEING.
 20904 | Lair:4   | 20904 ||| FLEEEEING.
 20905 | Lair:4   | 20905 ||| FLEEEEING.
 20906 | Lair:4   | 20906 ||| FLEEEEING.
 20907 | Lair:4   | 20907 ||| FLEEEEING.
 20908 | Lair:4   | 20908 ||| FLEEEEING.
 20910 | Lair:4   | 20910 ||| FLEEEEING.
 20911 | Lair:4   | 20911 ||| FLEEEEING.
 20912 | Lair:4   | 20912 ||| FLEEEEING.
 20913 | Lair:4   | 20913 ||| FLEEEEING.
 20914 | Lair:4   | 20914 ||| FLEEEEING.
 20915 | Lair:4   | 20915 ||| FLEEEEING.
 20916 | Lair:4   | 20916 ||| STAIRDANCE
 20920 | Lair:4   | 20920 ||| INVOKING Berserk.
 20927 | Lair:4   | 20927 ||| STAIRDANCE
 21414 | Lair:4   | 21414 ||| Stepping ~*~*~tactically~*~*~ (stealth).
 21415 | Lair:4   | 21415 ||| Stepping ~*~*~tactically~*~*~ (stealth).
 21418 | Lair:4   | 21418 ||| Stepping ~*~*~tactically~*~*~ (stealth).
 21435 | Lair:4   | Reached skill level 16 in Axes
 21522 | Lair:4   | 21522 ||| INVOKING Berserk.
 21919 | Lair:5   | 21919 ||| Stepping ~*~*~tactically~*~*~ (stealth).
 21921 | Lair:5   | 21921 ||| Stepping ~*~*~tactically~*~*~ (stealth).
 21924 | Lair:5   | 21924 ||| Stepping ~*~*~tactically~*~*~ (stealth).
 21925 | Lair:5   | 21925 ||| INVOKING Berserk.
 21953 | Lair:5   | 21953 ||| Stepping ~*~*~tactically~*~*~ (stealth).
 22065 | Lair:5   | 22065 ||| Stepping ~*~*~tactically~*~*~ (stealth).
 22071 | Lair:5   | 22071 ||| INVOKING Berserk.
 22300 | Lair:5   | 22300 ||| INVOKING Berserk.
 22419 | Lair:5   | Identified the ring of Olilux {*Slow rElec MP+9 Str+2
                  | Slay+5}
 22534 | Lair:5   | 22534 ||| PLANNING D:1-11
 22534 | Lair:5   | 22534 ||| DROPPING ring of ice.
 22535 | Lair:5   | 22535 ||| UPGRADING to ring of Olilux {*Slow rElec MP+9
                  | Str+2 Slay+5}.
 22575 | Lair:5   | 22575 ||| READING 5 scrolls of identify.
 22575 | Lair:5   | 22575 ||| IDENTIFYING lumpy silvery potion
 22576 | Lair:5   | 22576 ||| DROPPING potion of magic.
 22803 | D:11     | 22803 ||| INVOKING Berserk.
 22818 | D:11     | Reached skill level 12 in Armour
 22930 | D:11     | Found Xyzuth's CLEARANCE SALE!.
 23069 | D:11     | Found a staircase to the Orcish Mines.
 23313 | D:11     | 23313 ||| Stepping ~*~*~tactically~*~*~ (stealth).
 23534 | D:11     | 23534 ||| INVOKING Brothers in Arms.
 23535 | D:11     | 23535 ||| INVOKING Brothers in Arms.
 23536 | D:11     | 23536 ||| SWAPPING to +0 eveningstar of venom.
 23537 | D:11     | 23537 ||| INVOKING Berserk.
 23551 | D:11     | 23551 ||| SWAPPING to +2 war axe of venom.
 23960 | D:11     | 23960 ||| PLANNING D
 24015 | D:12     | 24015 ||| STAIRDANCE
 24022 | D:12     | 24022 ||| STAIRDANCE
 24032 | D:12     | 24032 ||| STAIRDANCE
 24214 | D:12     | 24214 ||| Stepping ~*~*~tactically~*~*~ (hiding).
 24276 | D:12     | 24276 ||| Stepping ~*~*~tactically~*~*~ (stealth).
 24277 | D:12     | 24277 ||| Stepping ~*~*~tactically~*~*~ (stealth).
 24278 | D:12     | 24278 ||| Stepping ~*~*~tactically~*~*~ (stealth).
 24279 | D:12     | 24279 ||| Stepping ~*~*~tactically~*~*~ (stealth).
 24280 | D:12     | 24280 ||| Stepping ~*~*~tactically~*~*~ (stealth).
 24282 | D:12     | 24282 ||| Stepping ~*~*~tactically~*~*~ (stealth).
 24283 | D:12     | 24283 ||| INVOKING Brothers in Arms.
 24284 | D:12     | 24284 ||| INVOKING Brothers in Arms.
 24285 | D:12     | 24285 ||| SWAPPING to +0 eveningstar of venom.
 24286 | D:12     | 24286 ||| INVOKING Berserk.
 24304 | D:12     | 24304 ||| SWAPPING to +2 war axe of venom.
 24432 | D:12     | Found a sacrificial altar of Ru.
 24535 | D:12     | 24535 ||| Stepping ~*~*~tactically~*~*~ (hiding).
 24536 | D:12     | 24536 ||| Stepping ~*~*~tactically~*~*~ (hiding).
 24538 | D:12     | 24538 ||| SWAPPING to +0 eveningstar of venom.
 24539 | D:12     | 24539 ||| INVOKING Berserk.
 24613 | D:12     | 24613 ||| SWAPPING to +2 war axe of venom.
 24748 | D:12     | Found Yddilieble's Assorted Antiques.
 24753 | D:12     | 24753 ||| BUYING large platinum amulet (135 gold).
 24753 | D:12     | Bought a large platinum amulet for 135 gold pieces
 24753 | D:12     | 24753 ||| BUYING potion of curing (81 gold).
 24753 | D:12     | Bought a potion of curing for 81 gold pieces
 24753 | D:12     | 24753 ||| BUYING scroll of identify (54 gold).
 24753 | D:12     | Bought a scroll of identify for 54 gold pieces
 24796 | D:12     | 24796 ||| Stepping ~*~*~tactically~*~*~ (hiding).
 24904 | D:12     | 24904 ||| Stepping ~*~*~tactically~*~*~ (stealth).
 24907 | D:12     | 24907 ||| Stepping ~*~*~tactically~*~*~ (stealth).
 24935 | D:12     | 24935 ||| Stepping ~*~*~tactically~*~*~ (hiding).
 25059 | D:12     | 25059 ||| Stepping ~*~*~tactically~*~*~ (hiding).
 25116 | D:12     | Reached skill level 6 in Throwing
 25185 | D:12     | Reached XP level 15. HP: 93/98 MP: 16/16
 25229 | D:12     | Reached skill level 9 in Shields
 25487 | D:12     | 25487 ||| UPGRADING to amulet of guardian spirit.
 25528 | D:13     | 25528 ||| SWAPPING to +0 eveningstar of venom.
 25529 | D:13     | 25529 ||| INVOKING Berserk.
 25531 | D:13     | Noticed a storm dragon
 25548 | D:13     | Killed a storm dragon
 25548 | D:13     | Noticed a tengu reaver
 25551 | D:13     | 25551 ||| Stepping ~*~*~tactically~*~*~ (outnumbered).
 25554 | D:13     | 25554 ||| Stepping ~*~*~tactically~*~*~ (outnumbered).
 25556 | D:13     | 25556 ||| SWAPPING to +2 war axe of venom.
 25559 | D:13     | 25559 ||| SWAPPING to +0 eveningstar of venom.
 25560 | D:13     | 25560 ||| Stepping ~*~*~tactically~*~*~ (outnumbered).
 25561 | D:13     | 25561 ||| Stepping ~*~*~tactically~*~*~ (outnumbered).
 25562 | D:13     | 25562 ||| Stepping ~*~*~tactically~*~*~ (outnumbered).
 25563 | D:13     | 25563 ||| Stepping ~*~*~tactically~*~*~ (outnumbered).
 25568 | D:13     | HP: 24/100 [tengu reaver/bolt of fire (10)]
 25569 | D:13     | 25569 ||| DRINKING potion of heal wounds.
 25571 | D:13     | Killed a tengu reaver
 25575 | D:13     | HP: 20/100 [five-headed hydra (6)]
 25576 | D:13     | HP: 4/100 [five-headed hydra (9)]
 25577 | D:13     | HP: 1/100 [five-headed hydra (3)]
 25577 | D:13     | Mangled by a five-headed hydra

Levels and vault maps discovered:
D:1:      lightli_arrival_farm, layout_loops_ring, grunt_decor_one_mirror
D:2:      layout_basic, st_stairs_2, uniq_robin, uniq_jessica, uniq_sigmund
D:3:      layout_basic, mainiacjoe_overflow_24_doors, serial_curves,
          eino_curves_03, eino_curves_04, hellmonk_ecumenical_altar_lost_god,
          portal_sewer_entry_b, gammafunk_ghost_necromancy
D:4:      cheibrodos_helix_gallery, layout_basic, mainiacjoe_overflow_catwalk,
          old_standard_altar, amcnicky_altar_gilded
D:5:      layout_basic, kennysheep_generic_room_9, uniq_eustachio, uniq_grinder,
          uniq_blork_the_orc
D:6:      layout_basic, cheibrodos_worm_habitat, uniq_maggie, uniq_menkaure,
          uniq_crazy_yiuf_cottage
D:7:      layout_loops_corners, mainiacjoe_overflow_boulevard,
          mainiacjoe_overflow_alcove_1, minmay_temple_entry_nine_rooms,
          enter_ossuary_5, minmay_three_doors
D:8:      layout_basic
D:9:      layout_basic, lemuel_crystal_altar
D:10:     layout_roguey [special_room_orc], bloody_trog,
          overflow_temple_1_default, lair_entry_dummy, enter_bailey_8,
          minmay_misc_feat_more_columns, uniq_nergalle, uniq_josephine
D:11:     layout_loops_corners, minmay_orc_entry_temple_large,
          corexii_corridor_pit, nicolae_shop_clearance
D:12:     nzn_winding_woodlands_medium [nzn_winding_woodlands_5x5_checkerboard,
          nzn_winding_woodlands_5x15_concentric,
          nzn_winding_woodlands_5x5_cross,
          nzn_winding_woodlands_5x5_closed_star,
          nzn_winding_woodlands_center_lodge, nzn_winding_woodlands_hourglass,
          nzn_winding_woodlands_5x5_perimeter,
          nzn_winding_woodlands_5x15_split_checker,
          nzn_winding_woodlands_5x5_open_star], layout_basic, serial_rivers,
          chequers_serial_rivers_micro_e, chequers_serial_rivers_room_b,
          chequers_serial_rivers_marsh, chequers_serial_rivers_marsh,
          serial_shops, nicolae_shop_hallway_plus,
          nicolae_ru_sacrificial_ziggurat
D:13:     minmay_complete_graph, layout_basic, portal_ice_cave_entry_imps,
          uniq_nessos
Lair:1:   layout_cave_pods, serial_bayou, serial_bayou_pond_a,
          serial_bayou_lake_a, serial_bayou_crossing, serial_bayou_shore_b,
          dreamdust_mushroom_princess, grunt_forest_large_clearings,
          infiniplex_staircase_pool, serial_bayou_shore_a, uniq_fannar
Lair:2:   layout_cellular_growth, swamp_mist,
          minmay_snake_entry_guardpost_small, basic_altar, grunt_megastairs_2,
          infiniplex_staircase_pool_2
Lair:3:   layout_hall_layers, lemuel_fruit_tree, uniq_urug
Lair:4:   layout_regular_city, serial_bayou_ford_a
Lair:5:   evilmike_catoblepas_cave, layout_hall_layers, slime_entry_1

Skill      XL: |  1  2  3  4  5  6  7  8  9 10 11 12 13 14 15 |
---------------+----------------------------------------------+-----
Axes           | 3 5 6 7 9 10 11 12 14 15 16 | 16.0
Fighting       | 4 5 6 7 8 10 11 12 13 14 | 14.0
Armour         | 3 4 5 8 9 10 11 13 | 13.1
Dodging        | 2 3 |  3.2
Shields        | 4 5 6 7 8 9 |  9.1
Throwing       | 2 3 4 6 |  6.0

Action                   |  1- 3 |  4- 6 |  7- 9 | 10-12 | 13-15 || total
-------------------------+-------+-------+-------+-------+-------++-------
Melee: Hand axe          |    55 |   156 |   171 |       |       ||   382
       Punch             |       |     1 |     1 |       |       ||     2
       War axe           |       |       |   183 |   595 |   570 ||  1348
       Morningstar       |       |       |       |    17 |       ||    17
       Eveningstar       |       |       |       |       |    62 ||    62
Throw: Boomerang         |    21 |       |     6 |    14 |       ||    41
       Javelin           |       |       |       |       |    43 ||    43
Invok: Berserk           |     3 |     2 |    11 |    24 |    22 ||    62
       Trog's Hand       |       |       |     1 |       |       ||     1
       Brothers in Arms  |       |       |       |     5 |     6 ||    11
  Use: Scroll            |     3 |     6 |    13 |     5 |     6 ||    33
       Potion            |     1 |       |     5 |     3 |     3 ||    12
 Stab: Sleeping          |       |       |     1 |       |       ||     1
Armor: Animal skin       |    13 |       |       |       |       ||    13
       Leather armour    |     5 |    18 |       |       |       ||    23
       Ring mail         |       |    61 |    58 |       |       ||   119
       Scale mail        |       |       |   133 |    63 |       ||   196
       Plate armour      |       |       |       |   509 |   519 ||  1028
Dodge: Dodged            |    24 |    87 |   189 |   309 |   237 ||   846
Block: Buckler           |       |       |    22 |   171 |   150 ||   343

Table legend:
 A = Non-vault XP
 B = Vault XP
 C = Vault XP percentage of total XP
 D = Non-vault monster count
 E = Vault monster count
 F = Vault count percentage of total count
                 A         B        C        D         E       F
            +---------+---------+-------+---------+---------+-------
      Total |   57560 |   38502 |  40.1 |     372 |     205 |  35.5
            +---------+---------+-------+---------+---------+-------
        D:1 |      42 |       0 |   0.0 |      16 |       0 |   0.0
        D:2 |      44 |     302 |  87.3 |      21 |      15 |  41.7
        D:3 |     226 |       5 |   2.2 |      29 |       4 |  12.1
        D:4 |     265 |       4 |   1.5 |      16 |       2 |  11.1
        D:5 |     714 |     563 |  44.1 |      10 |       3 |  23.1
        D:6 |     890 |     586 |  39.7 |      22 |       3 |  12.0
        D:7 |    1216 |    1327 |  52.2 |      28 |       3 |   9.7
        D:8 |    2244 |       0 |   0.0 |      36 |       0 |   0.0
        D:9 |    1241 |       0 |   0.0 |      23 |       0 |   0.0
       D:10 |    2812 |    3473 |  55.3 |      14 |      33 |  70.2
       D:11 |    6000 |     580 |   8.8 |      17 |      10 |  37.0
       D:12 |    6796 |    9018 |  57.0 |      18 |      23 |  56.1
       D:13 |    1691 |    5332 |  75.9 |       2 |       5 |  71.4
     Lair:1 |    3483 |    3873 |  52.7 |      13 |      33 |  71.7
     Lair:2 |    7214 |     756 |   9.5 |      33 |       3 |   8.3
     Lair:3 |    4250 |     788 |  15.6 |      18 |       1 |   5.3
     Lair:4 |    7851 |     160 |   2.0 |      19 |       1 |   5.0
     Lair:5 |   10581 |   11468 |  52.0 |      37 |      23 |  38.3
      Sewer |       0 |     267 | 100.0 |       0 |      43 | 100.0
            +---------+---------+-------+---------+---------+-------
